AoeStats
← Virchow

Arabia

509103338Analyzed
1v1 RM · 8d ago on Sep 25, 2026· 25m 29s· 2 players
Game mode
Random Map
Map size
Tiny (2 player)
Population
200
Speed
Normal
Resources
Standard
Victory
Conquest
Starting age
Dark Age
Ending age
Imperial Age
RankedLock teamsTeams togetherTeam positionsShared explorationLock speedFull tech treeHidden civsTurbo modeCheats
Victory
Defeat
🇸🇪 Chinese · Sweden
1333
+15
🇹🇼 Khmer · Taiwan
1322
-15
Virchow
6:13 Loom
9:02 Feudal Age
9:49 Double-Bit Axe
17:15 Horse Collar
21:50 Castle Age
20:29 Scale Barding Armor
20:55 Bloodlines
21:45 Forging
22:35 Wheelbarrow
22:58 Chain Barding Armor
22:50 Bow Saw
Apencart
0:26 Loom
8:50 Feudal Age
9:21 Double-Bit Axe
9:19 Horse Collar
15:59 Wheelbarrow
18:46 Castle Age
17:57 Gold Mining
18:43 Fletching
18:53 Padded Archer Armor
18:58 Crossbowman
19:45 Bodkin Arrow
21:03 Bow Saw
22:28 Ballistics
24:26 Leather Archer Armor
Connection lost

Rejoining the realm…

Still unreachable

The connection could not be restored.

Session expired

The server has moved on; the page needs a fresh start.